 Dungeon Crawl Stone Soup version 0.30-a0-748-ge6a52f7cba (webtiles) character file.

Game seed: 7152386686271717607

163 Sabo the Protected (level 5, -3/41 HPs)
             Began as a Gnoll Wanderer on Feb 8, 2023.
             Slain by an orc
             ... wielding a +0 mace
              (5 damage)
             ... on level 3 of the Dungeon.
             The game lasted 00:14:50 (2292 turns).

Sabo the Protected (Gnoll Wanderer)                 Turns: 2292, Time: 00:14:51

Health: -3/41      AC: 12    Str: 11    XL:     5   Next: 44%
Magic:  7/7        EV: 10    Int: 17    God:
Gold:   91         SH:  0    Dex: 14    Spells: 7/7 levels left

rFire   . . .      SeeInvis .    g - +0 dagger (venom)
rCold   . . .      Faith    .    (no shield)
rNeg    . . .      Spirit   .    b - +2 scale mail
rPois   .          Reflect  .    (no helmet)
rElec   .          Harm     .    (no cloak)
rCorr   .          Rampage  .    (no gloves)
Will    .....                    k - +0 pair of boots Stlth
                                 l - amulet of regeneration
HPRegen 1.06/turn                n - +6 ring of intelligence
MPRegen 0.10/turn                (no ring)

@: no status effects
A: fangs 1, strong nose, distributed training
a: no special abilities


You were on level 3 of the Dungeon.
You visited 1 branch of the dungeon, and saw 3 of its levels.

You collected 91 gold pieces.

Inventory:

Hand Weapons
 a - a +0 falchion
 g - a +0 dagger of venom (weapon)
 i - a +0 sling
Missiles
 f - 2 javelins (quivered)
Armour
 b - a +2 scale mail (worn)
 k - a +0 pair of boots (worn)
Jewellery
 h - an amulet of faith
 l - an amulet of regeneration (around neck)
 n - a +6 ring of intelligence (left hand)
Scrolls
 j - 3 scrolls of teleportation
 o - a scroll of amnesia
Potions
 d - 2 potions of lignification
 e - a potion of curing {unknown}
 m - a potion of magic {unknown}


   Skills:
 + Level 3.0 Fighting
 + Level 1.5 Short Blades
 + Level 3.0 Long Blades
 + Level 1.5 Axes
 + Level 1.5 Maces & Flails
 + Level 1.5 Polearms
 + Level 1.5 Staves
 + Level 1.5 Ranged Weapons
 + Level 1.5 Throwing
 + Level 10.5 Armour
 + Level 4.8 Dodging
 + Level 1.5 Stealth
 + Level 1.5 Shields
 + Level 1.5 Unarmed Combat
 + Level 1.5 Spellcasting
 + Level 1.2 Conjurations
 + Level 1.2 Hexes
 + Level 1.2 Summonings
 + Level 1.2 Necromancy
 + Level 1.2 Translocations
 + Level 1.2 Transmutations
 + Level 1.2 Fire Magic
 + Level 1.2 Ice Magic
 + Level 1.2 Air Magic
 + Level 1.2 Earth Magic
 + Level 1.2 Poison Magic
 + Level 1.7 Invocations
 + Level 3.0 Evocations


You had 7 spell levels left.
You didn't know any spells.
Your spell library contained the following spells:

 Spells                   Type           Power      Damage    Failure   Level
 Cause Fear               Hex            2%         N/A       99%         4
 Dragon Form              Tmut           2%         N/A       100%        7
 Dragon's Call            Summ           2%         N/A       100%        9


Dungeon Overview and Level Annotations

Branches:
Dungeon (3/15)

Altars:


Innate Abilities, Weirdness & Mutations

You have very sharp teeth.
Your uncanny sense of smell can sniff out nearby items.
Your experience applies equally to all skills.


Message History

You completely miss the quokka. Your bite misses the quokka.
The quokka is heavily wounded.
The quokka barely misses you.
The frilled lizard bites you but does no damage.
The gnoll hits you but does no damage. The gnoll barely misses you.
The phantom barely misses you. The orc hits you but does no damage.
The quokka barely misses you.
You hit the quokka.
The quokka is poisoned.
Your bite misses the quokka.
The quokka is severely wounded.
The frilled lizard bites you but does no damage.
The gnoll misses you. The gnoll barely misses you. The phantom hits you.
The orc hits you but does no damage. The quokka barely misses you.
You hit the quokka.
You kill the quokka!
The phantom barely misses you. The frilled lizard closely misses you.
The gnoll misses you. The gnoll barely misses you.
The orc hits you with a +0 mace. The gnoll barely misses you.
The gnoll hits you with a +0 halberd. The phantom misses you.
The orc hits you but does no damage.
You hit the gnoll.
The gnoll is poisoned.
The gnoll is moderately wounded.
The gnoll hits you with a +0 flail. The gnoll hits you with a +0 halberd.
* * * LOW HITPOINT WARNING * * *
The orc completely misses you. The phantom closely misses you.
The frilled lizard closely misses you.
You hit the gnoll.
The gnoll looks as sick as possible!
The gnoll is heavily wounded.
The phantom hits you but does no damage.
The frilled lizard bites you.
* * * LOW HITPOINT WARNING * * *
The gnoll hits you but does no damage. The gnoll hits you with a +0 halberd!
* * * LOW HITPOINT WARNING * * *
The orc hits you but does no damage. The endoplasm barely misses you.
You barely miss the gnoll. You bite the gnoll.
The gnoll is severely wounded.
The gnoll closely misses you. The gnoll barely misses you.
The phantom hits you.
* * * LOW HITPOINT WARNING * * *
The orc hits you with a +0 mace.
You die...

...... #.##......
......####.##..<...
..................
..................
..............# o#
..............# .#
.........oJ...##.######
........l@....)).......
........Wgg...##.######
.............(<#.#
(.............##.#
.................$
..............####
................
..............##
........#


You could see a phantom, 2 gnolls, an orc, an endoplasm and a frilled lizard.

Vanquished Creatures
  2 orc wizards (D:3)
  2 gnolls (D:3)
  4 adders (D:2)
  An orc (D:3)
  6 endoplasms
  2 giant cockroaches (D:2)
  6 goblins
  8 hobgoblins
  3 quokkas
  9 ball pythons
  4 bats
  4 frilled lizards
  5 kobolds
  4 rats
60 creatures vanquished.

Notes
Turn   | Place    | Note
-------+----------+-------------------------------------------
     0 | D:1      | Reached skill level 10 in Armour
     0 | D:1      | Sabo the Gnoll Wanderer began the quest for the Orb.
     0 | D:1      | Sabo set off with the following items: a +0 falchion, a +2
                  | scale mail, a potion of attraction, a potion of
                  | lignification.
     0 | D:1      | Reached XP level 1. HP: 17/17 MP: 1/1
   229 | D:1      | Reached XP level 2. HP: 10/23 MP: 2/2
   898 | D:1      | Reached XP level 3. HP: 28/28 MP: 3/3
  1562 | D:1      | Upgraded the game from 0.30-a0-743-gbfdf073431 to
                  | 0.30-a0-748-ge6a52f7cba
  1682 | D:2      | Reached skill level 1 in Invocations
  1730 | D:2      | Reached skill level 1 in Short Blades
  1730 | D:2      | Reached skill level 1 in Axes
  1730 | D:2      | Reached skill level 1 in Maces & Flails
  1730 | D:2      | Reached skill level 1 in Polearms
  1730 | D:2      | Reached skill level 1 in Staves
  1730 | D:2      | Reached skill level 1 in Ranged Weapons
  1730 | D:2      | Reached skill level 1 in Throwing
  1730 | D:2      | Reached skill level 1 in Stealth
  1730 | D:2      | Reached skill level 1 in Shields
  1730 | D:2      | Reached skill level 1 in Unarmed Combat
  1730 | D:2      | Reached skill level 1 in Spellcasting
  1851 | D:2      | Reached XP level 4. HP: 33/34 MP: 5/5
  2039 | D:2      | Reached skill level 1 in Conjurations
  2039 | D:2      | Reached skill level 1 in Hexes
  2039 | D:2      | Reached skill level 1 in Summonings
  2039 | D:2      | Reached skill level 1 in Necromancy
  2039 | D:2      | Reached skill level 1 in Translocations
  2039 | D:2      | Reached skill level 1 in Transmutations
  2039 | D:2      | Reached skill level 1 in Fire Magic
  2039 | D:2      | Reached skill level 1 in Ice Magic
  2039 | D:2      | Reached skill level 1 in Air Magic
  2039 | D:2      | Reached skill level 1 in Earth Magic
  2039 | D:2      | Reached skill level 1 in Poison Magic
  2266 | D:3      | Noticed a phantom
  2270 | D:3      | Reached XP level 5. HP: 40/41 MP: 7/7
  2291 | D:3      | HP: 2/41 [gnoll/+0 halberd (9)]
  2292 | D:3      | Slain by an orc

Illustrated notes

Levels and vault maps discovered:
D:1:      sevenhm_arrival_forest_fort_large_2, layout_basic
D:2:      layout_rooms, minmay_tripent
D:3:      layout_basic, kennysheep_slug_shrine

Skill      XL: |  1  2  3  4 |
---------------+-------------+-----
Armour         | | 10.5
Invocations    | 1 |  1.7
Short Blades   | 1 |  1.5
Axes           | 1 |  1.5
Maces & Flails | 1 |  1.5
Polearms       | 1 |  1.5
Staves         | 1 |  1.5
Ranged Weapons | 1 |  1.5
Throwing       | 1 |  1.5
Stealth        | 1 |  1.5
Shields        | 1 |  1.5
Unarmed Combat | 1 |  1.5
Spellcasting   | 1 |  1.5
Conjurations   | 1 |  1.2
Hexes          | 1 |  1.2
Summonings     | 1 |  1.2
Necromancy     | 1 |  1.2
Translocations | 1 |  1.2
Transmutations | 1 |  1.2
Fire Magic     | 1 |  1.2
Ice Magic      | 1 |  1.2
Air Magic      | 1 |  1.2
Earth Magic    | 1 |  1.2
Poison Magic   | 1 |  1.2
Fighting       | 3 |  3.0
Long Blades    | 3 |  3.0
Evocations     | 3 |  3.0
Dodging        | |  4.8

Action                     |  1- 3 |  4- 6 || total
---------------------------+-------+-------++-------
  Melee: Falchion          |    13 |       ||    13
         Dagger            |   111 |    95 ||   206
         Bite              |    12 |    13 ||    25
         Punch             |       |     1 ||     1
    Use: Scroll            |     2 |     1 ||     3
 Armour: Scale mail        |    63 |    52 ||   115
  Dodge: Dodged            |    67 |    69 ||   136

Table legend: (Time is in decaauts)
 A = Elapsed time spent in this place.
 B = Non-inter-level travel time spent in this place.
 C = Inter-level travel time spent in this place.
 D = Time resting spent in this place.
 E = Time spent auto-exploring this place.
 F = Levels seen in this place.
 G = Mean time per level.
                   A        B        C        D        E       F      G
               +--------+--------+--------+--------+--------+-----+--------+
         Total |   2283 |   2275 |      8 |    171 |      0 |   3 |  761.0 |
       Dungeon |   2283 |   2275 |      8 |    171 |      0 |   3 |  761.0 |
               +--------+--------+--------+--------+--------+-----+--------+

Top non-repeatable levels by time:
     D:1: 1638 daAuts
     D:2: 586 daAuts
     D:3: 58 daAuts
